 Dungeon Crawl Stone Soup version 0.27-a0-1186-g8b4daa1eef (webtiles) character file.

Game seed: 516695831851374971

50 leviel the Chopper (level 3, 0/31 HPs)
             Began as a Minotaur Fighter on May 19, 2021.
             Killed from afar by Sigmund (7 damage)
             ... with a puff of flame
             ... on level 2 of the Dungeon.
             The game lasted 00:01:47 (1685 turns).

leviel the Chopper (Minotaur Fighter)               Turns: 1685, Time: 00:01:47

Health: 0/31       AC:  6    Str: 21    XL:     3   Next: 55%
Magic:  2/2        EV:  7    Int:  5    God:
Gold:   56         SH:  9    Dex:  9    Spells: 2/2 levels left

rFire    . . .     SeeInvis .   a - +0 war axe
rCold    . . .     Faith    .   c - +0 kite shield
rNeg     . . .     Spirit   .   b - +0 scale mail
rPois    .         Reflect  .   (helmet restricted)
rElec    .         Harm     .   (no cloak)
rCorr    .         Rampage  .   (no gloves)
Will     .....                  (no boots)
Stlth    ..........             (no amulet)
HPRegen  0.10/turn              (no ring)
MPRegen  0.08/turn              (no ring)

@: no status effects
A: horns 2, retaliatory headbutt
a: no special abilities


You were on level 2 of the Dungeon.
You visited 1 branch of the dungeon, and saw 2 of its levels.

You collected 56 gold pieces.

Inventory:

Hand Weapons
 a - a +0 war axe (weapon)
Armour
 b - a +0 scale mail (worn)
 c - a +0 kite shield (worn)
Scrolls
 e - a scroll of holy word {unknown}
 f - a scroll of torment {unknown}
 g - a scroll of immolation {unknown}
 i - a scroll of enchant weapon {unknown}
Potions
 d - a potion of might
 h - a potion of curing {unknown}


   Skills:
 - Level 3.6 Fighting
 + Level 4.8 Axes
 - Level 3.6 Armour
 - Level 3.6 Shields


You had 2 spell levels left.
You didn't know any spells.
Your spell library was empty.

Dungeon Overview and Level Annotations

Branches:
Dungeon (2/15)

Altars:

Annotations:
D:2 Sigmund


Innate Abilities, Weirdness & Mutations

You have a pair of horns on your head.
You reflexively headbutt those who attack you in melee.


Message History

i - a scroll labelled TOED ETHRYOBUO You see here a +0 war axe.
Found 16 stones.
Found a runed whip.
You open the door.
Found a stone staircase leading down.
No target in view!
A worm comes into view.
Found a lajatang.
Sigmund the Dreaded comes into view.
He is wielding a +0 scythe.
Sigmund shouts!
Sigmund hits you from afar with a +0 scythe!
You block the worm's attack.
You barely miss the worm.
Sigmund hits you from afar with a +0 scythe.
Sigmund gestures at you while chanting. The magic dart hits you.
You block the worm's attack.
Your shield and scale mail prevent you from hitting the worm.
Sigmund completely misses you. The worm bites you but does no damage.
Sigmund points at you and mumbles some strange words.
The puff of flame misses you.
You barely miss the worm. You headbutt the worm.
The worm is lightly wounded.
You block Sigmund's attack. The worm bites you!
Sigmund points at you and mumbles some strange words.
You resist with significant effort.
Sigmund points at you and mumbles some strange words.
You are confused.
You're too confused to move!
Sigmund's eyes start glowing with a red light.
You bump into the rock wall.
You feel less confused. Sigmund completely misses you.
Sigmund hits you with a +0 scythe.
* * * LOW HITPOINT WARNING * * *
You block Sigmund's attack. You block Sigmund's attack.
Sigmund points at you and mumbles some strange words.
The puff of flame hits you!
You die...

.###... .#)#
##....#...#.##
#.#....#. #..#
#..#.... #..#
#...#.. ##..#
#.....###.#..###
#....##...(###.#
#...#.#....'...#
#..#..#@...#######.
#)#...#..##........
#.#.###.###.#######
#.#..##@# #)#
#.##.##.# #.#
#.##.w#w# #.#
#.......# #.#
#####.#.# #.# #...#
#..


You could see Sigmund and a worm.

Vanquished Creatures
  An adder (D:2)
  2 worms (D:2)
  2 bats (D:1)
  2 endoplasms (D:1)
  A giant cockroach (D:1)
  4 goblins
  4 hobgoblins
  4 jackals (D:1)
  4 ball pythons (D:1)
  2 frilled lizards (D:1)
  5 kobolds
  3 rats (D:1)
34 creatures vanquished.

Notes
Turn   | Place    | Note
-------+----------+-------------------------------------------
     0 | D:1      | leviel the Minotaur Fighter began the quest for the Orb.
     0 | D:1      | Reached XP level 1. HP: 19/19 MP: 0/0
    51 | D:1      | Reached skill level 3 in Axes
   272 | D:1      | Reached XP level 2. HP: 26/26 MP: 1/1
   585 | D:1      | Reached skill level 4 in Axes
  1486 | D:2      | Reached XP level 3. HP: 28/31 MP: 2/2
  1661 | D:2      | Noticed Sigmund
  1685 | D:2      | Killed from afar by Sigmund

Illustrated notes

Levels and vault maps discovered:
D:1:      lemuel_arrival_rhombus, layout_basic, serial_co_window_serial,
          co_window_paths_a, co_window_paths_a, co_window_of_opportunity_a,
          co_window_paths_a, co_window_paths_a, co_window_paths_a,
          co_window_cross_1, co_window_paths_a, co_window_of_opportunity_a,
          co_window_corner_b, co_window_unsneaky_path_b, co_window_corner_b,
          co_window_broadway_a, co_window_unsneaky_path_a,
          co_window_of_opportunity_c, co_window_corner_b, co_window_4corner_a,
          co_window_paths_d, glass_columns_a, glass_columns_a,
          kennysheep_nondescript, grunt_decor_resistance
D:2:      layout_basic, hangedman_decor_diamond_cutter, minmay_pentomino_o2,
          uniq_sigmund

Skill      XL: |  1  2 |
---------------+-------+-----
Axes           | 3 4 |  4.8
Fighting       | |  3.6
Armour         | |  3.6
Shields        | |  3.6

Action                   || total
-------------------------++-------
Melee: War axe           ||    85
       Headbutt          ||    10
Armor: Scale mail        ||    48
Dodge: Dodged            ||    36
Block: Kite shield       ||    60

Table legend: (Time is in decaauts)
 A = Elapsed time spent in this place.
 B = Non-inter-level travel time spent in this place.
 C = Inter-level travel time spent in this place.
 D = Time resting spent in this place.
 E = Time spent auto-exploring this place.
 F = Levels seen in this place.
 G = Mean time per level.
                   A        B        C        D        E       F      G
               +--------+--------+--------+--------+--------+-----+--------+
         Total |   1730 |   1698 |     32 |      0 |   1453 |   2 |  865.0 |
       Dungeon |   1730 |   1698 |     32 |      0 |   1453 |   2 |  865.0 |
               +--------+--------+--------+--------+--------+-----+--------+

Top non-repeatable levels by time:
     D:1: 1513 daAuts
     D:2: 217 daAuts
